 Dungeon Crawl Stone Soup version 0.28.0-43-g3370ac3207 (webtiles) character file.

Game seed: 7662240032576200249

842 pkoi the Gusty (level 8, -3/46 HPs)
             Began as an Octopode Air Elementalist on Mar 18, 2022.
             Was an Initiate of Hepliaklqana.
             Slain by a shadow (21 damage)
             ... on level 5 of the Dungeon.
             The game lasted 00:08:50 (6836 turns).

pkoi the Gusty (Octopode Air Elementalist)          Turns: 6836, Time: 00:08:51

Health: -3/46      AC:  3    Str:  7    XL:     8   Next: 0%
Magic:  6/14       EV: 17    Int: 20    God:    Hepliaklqana [......]
Gold:   173        SH:  5    Dex: 12    Spells: 7/15 levels left

rFire   + . .      SeeInvis .   h - +0 dagger (holy)
rCold   + . .      Faith    .   (no shield)
rNeg    . . .      Spirit   .   k - +0 hat
rPois   .          Reflect  +   j - amulet of reflection
rElec   .          Harm     .   c - ring of protection from fire
rCorr   .          Rampage  .   m - +4 ring of evasion
Will    .....                   (no ring)
Stlth   +++.......              (no ring)
HPRegen 0.15/turn               (no ring)
MPRegen 0.14/turn               (no ring)
                                (no ring)
                                (no ring)

@: lethally poisoned (-3 -> -5)
A: almost no armour, amphibious, 8 rings, camouflage 1, gelatinous body 1,
(nimble swimmer 1), tentacles, iridescent scales 1, cold resistance 1
a: Renounce Religion


You were on level 5 of the Dungeon.
You worshipped Hepliaklqana.
Hepliaklqana was noncommittal.
You visited 1 branch of the dungeon, and saw 5 of its levels.

You collected 173 gold pieces.

Inventory:

Hand Weapons
 f - a +0 club
 h - a +0 dagger of holy wrath (weapon)
Missiles
 e - 4 poisoned darts
Armour
 k - a +0 hat (worn)
Jewellery
 b - a ring of fire
 c - a ring of protection from fire (left tentacle)
 i - an amulet of guardian spirit
 j - an amulet of reflection (around mantle)
 m - a +4 ring of evasion (right tentacle)
Scrolls
 a - a scroll of immolation
 d - 2 scrolls of identify {unknown}
 l - a scroll of holy word {unknown}
Potions
 g - a potion of flight


   Skills:
 - Level 2.0 Dodging
 - Level 2.6 Stealth
 + Level 4.2 Spellcasting
 + Level 2.5 Conjurations
 + Level 7.8 Air Magic


You had 7 spell levels left.
You knew the following spells:

 Your Spells              Type           Power      Damage    Failure   Level
a - Shock                 Conj/Air       96%        1d9       1%          1
b - Swiftness             Air            35%        N/A       1%          3
c - Airstrike             Air            17%        N/A       4%          4

Your spell library contained the following spells:

 Spells                   Type           Power      Damage    Failure   Level
 Static Discharge         Conj/Air       24%        N/A       2%          2
 Foxfire                  Conj/Fire      36%        2x1d5     8%          1
 Sandblast                Erth           8%         2d5       13%         1
 Passwall                 Tmut/Erth      3%         N/A       19%         2
 Conjure Flame            Conj/Fire      9%         6-21      22%         3
 Stone Arrow              Conj/Erth      18%        3d8       22%         3
 Inner Flame              Hex/Fire       4%         N/A       36%         3
 Ozocubu's Armour         Ice            4%         N/A       36%         3
 Flame Wave               Conj/Fire      9%         2d5       58%         4
 Sticky Flame             Conj/Fire      9%         2d3       58%         4
 Dispel Undead            Necr           4%         3d7       77%         4
 Iskenderun's Battlesphe  Conj           14%        2d7       77%         5
 Fireball                 Conj/Fire      4%         3d4       91%         5
 Conjure Ball Lightning   Conj/Air       12%        3x3d6     93%         6
 Metabolic Englaciation   Hex/Ice        2%         N/A       98%         5
 Simulacrum               Ice/Necr       2%         N/A       100%        6
 Orb of Destruction       Conj           7%         9d6       100%        7


Dungeon Overview and Level Annotations

Branches:
Dungeon (5/15)
 Temple: D:4-7

Altars:
Hepliaklqana
Makhleb
Uskayaw
Vehumet
Wu Jian
Xom

Annotations:
D:4 Edmund
D:5 Dowan


Innate Abilities, Weirdness & Mutations

You cannot wear most types of armour.
You are amphibious.
You can wear up to eight rings at the same time.
Your skin changes colour to match your surroundings (Stealth+).
Your rubbery body absorbs attacks. (AC +1, EV +1)
((You are camouflaged when in or above water. (Stealth+)))
You have tentacles for arms and can constrict up to eight enemies at once.
You are partially covered in iridescent scales. (AC +2)
Your flesh is cold resistant. (rC+)


Message History

Magic restored.
You start waiting.
Done waiting.
Found a robe.
You open the door.
A shadow and a scorpion come into view.
The scorpion stings you!
* * * LOW HITPOINT WARNING * * *
You are poisoned.
The scorpion poisons you!
You feel sick.
There is an escape hatch in the floor here.
Aiming: Airstrike (dangerous; 5% risk of failure)
Press: ? - help, Q - select action, (/) - cycle Dir - move target, f - scorpion
Aim: a scorpion (empty space bonus: 7/8)
The air twists around and strikes the scorpion!
The scorpion is severely wounded.
You feel sick. The scorpion stings you.
* * * LOW HITPOINT WARNING * * *
You are more poisoned.
The scorpion poisons you!
Aiming: Airstrike (dangerous; 5% risk of failure)
Press: ? - help, Q - select action, (/) - cycle Dir - move target, f/p - scorpion
Aim: a scorpion (severely wounded, empty space bonus: 7/8)
The air twists around and strikes the scorpion!
You kill the scorpion!
You feel very sick.
You have reached level 8!
You feel very sick.
The shadow slips into darkness.
The shadow flickers and vanishes!
Deactivating autopickup; reactivate with Ctrl-A.
You feel sick.
You feel sick.
You feel sick.
You feel sick.
You feel sick.
You feel sick.
The shadow strikes at you from the darkness!
You die...

############## #.............#
##.....##.....## #.....###.######
#..............###.....#.........
.......>>.......##.....#.........
................##.....#.........
................##....##.........
...........(....##...........####
................##........##[# ##
.........>......@...#####....###.
#.....[..†.............##.#......
##............#....###....##..###
######'############....####..###
.... .....##)......... .#.#.#
.#.####)#........ # .. .. .
#....###......
#####################..####.>....
....#...)))÷....).).)..###.......


There were no monsters in sight!

Vanquished Creatures
  Menkaure (D:5)
  A water moccasin zombie (D:5)
  4 scorpions
  2 hounds (D:5)
  An orc priest (D:5)
  A gnoll shaman (D:5)
  Terence (D:3)
  3 iguanas (D:5)
  A scorpion zombie (D:5)
  A hound skeleton (D:5)
  5 gnolls (D:5)
  4 adders
  A howler monkey skeleton (D:4)
  A worm (D:3)
  2 dart slugs
  7 orcs
  6 ball pythons
  5 bats
  7 endoplasms
  2 giant cockroaches
  4 goblins
  6 hobgoblins
  10 jackals
  A quokka (D:1)
  2 frilled lizards (D:2)
  4 kobolds
  3 rats
  A spectral orc (D:4)
87 creatures vanquished.

Vanquished Creatures (others)
  8 plants (D:3)
  23 withered plants (D:3)
31 creatures vanquished.

Grand Total: 118 creatures vanquished

Notes
Turn   | Place    | Note
-------+----------+-------------------------------------------
     0 | D:1      | pkoi the Octopode Air Elementalist began the quest for the
                  | Orb.
     0 | D:1      | Reached XP level 1. HP: 11/11 MP: 3/3
   436 | D:1      | Reached XP level 2. HP: 14/17 MP: 0/5
  1332 | D:2      | Reached skill level 4 in Air Magic
  1395 | D:2      | Reached XP level 3. HP: 21/21 MP: 4/6
  1512 | D:2      | Gained mutation: Your flesh is cold resistant. (rC+)
                  | [potion of mutation]
  1512 | D:2      | Gained mutation: You are partially covered in iridescent
                  | scales. (AC +2) [potion of mutation]
  2364 | D:3      | Noticed Terence
  2375 | D:3      | Found a hide-covered altar of Uskayaw.
  2379 | D:3      | Killed Terence
  2380 | D:3      | Reached skill level 5 in Air Magic
  2380 | D:3      | Reached XP level 4. HP: 14/27 MP: 0/7
  2518 | D:3      | Learned a level 3 spell: Swiftness
  3496 | D:3      | Found a faded altar of an unknown god.
  4128 | D:4      | Reached XP level 5. HP: 31/31 MP: 4/8
  4178 | D:4      | Learned a level 4 spell: Airstrike
  4801 | D:4      | Found a hazy altar of Hepliaklqana.
  4873 | D:4      | Became a worshipper of Hepliaklqana the Forgotten
  4934 | D:4      | Noticed Edmund
  4981 | D:5      | Entered Level 5 of the Dungeon
  5047 | D:5      | Noticed an ogre
  5158 | D:5      | Noticed Menkaure
  5175 | D:5      | Killed Menkaure
  5176 | D:5      | Reached skill level 6 in Air Magic
  5176 | D:5      | Reached XP level 6. HP: 20/36 MP: 2/11
  5567 | D:5      | Reached XP level 7. HP: 37/41 MP: 5/12
  5795 | D:5      | Reached skill level 7 in Air Magic
  6015 | D:5      | Noticed Dowan
  6069 | D:5      | Found an ornate altar of the Wu Jian Council.
  6167 | D:5      | Found a shimmering altar of Xom.
  6167 | D:5      | Found a burning altar of Makhleb.
  6182 | D:5      | Found a faded altar of an unknown god.
  6184 | D:5      | Found a radiant altar of Vehumet.
  6197 | D:5      | Found a faded altar of an unknown god.
  6825 | D:5      | Noticed a shadow
  6830 | D:5      | Reached XP level 8. HP: 28/46 MP: 5/14
  6836 | D:5      | Slain by a shadow

Illustrated notes

Levels and vault maps discovered:
D:1:      sevenhm_arrival_forest_fort_small_5, layout_rooms, minmay_heptomino_d4
D:2:      layout_loops_ring
D:3:      layout_loops_ring, nicolae_uskayaw_murder_on_the_dancefloor,
          shapermc_ecumenical_altar_flowoftime, serial_bayou_pond_a,
          minmay_tree_intersection, uniq_terence
D:4:      layout_loops_ring, nicolae_hepliaklqana_monster_ancestors,
          kennysheep_small_square, uniq_edmund
D:5:      layout_rooms, mainiacjoe_overflow_paths,
          chequers_temple_overflow_minitemple, hangedman_minor_gate_pass,
          uniq_duvessa, uniq_menkaure

Skill      XL: |  1  2  3  4  5  6  7 |
---------------+----------------------+-----
Air Magic      | 4 5 6 7 |  7.8
Conjurations   | 2 |  2.5
Spellcasting   | 3 4 |  4.2
Dodging        | |  2.0
Stealth        | |  2.6

Action                   |  1- 3 |  4- 6 |  7- 9 || total
-------------------------+-------+-------+-------++-------
Melee: Unarmed           |    10 |       |       ||    10
       Tentacles         |     6 |     3 |     1 ||    10
       Constrict         |     4 |     2 |     1 ||     7
       Club              |     4 |       |       ||     4
       Dagger            |     1 |     4 |     3 ||     8
 Cast: Shock             |    67 |   112 |    48 ||   227
       Airstrike         |       |       |     8 ||     8
  Use: Potion            |     6 |     1 |       ||     7
       Scroll            |     4 |     2 |       ||     6
 Stab: Sleeping          |       |       |     1 ||     1
Armor: Skin              |     5 |     2 |     1 ||     8
Dodge: Dodged            |    17 |    18 |     5 ||    40
Block: Other             |     2 |     2 |     6 ||    10
